 Dungeon Crawl Stone Soup version 0.24-a0-252-g5076262 (webtiles) character file.

Game seed: 15537155202239759023

297 emperorscorpion the Conjurer (level 6, -15/33 HPs)
             Began as a Deep Elf Conjurer on Apr 17, 2019.
             Was a Follower of the Shining One.
             Demolished by an ogre
             ... wielding a +0 giant club
              (19 damage)
             ... on level 4 of the Dungeon.
             The game lasted 00:07:34 (4003 turns).

emperorscorpion the Conjurer (Deep Elf Conjurer)    Turns: 4003, Time: 00:07:34

Health: -15/33     AC:  2    Str:  5    XL:     6   Next: 12%
Magic:  1/16       EV: 14    Int: 22    God:    the Shining One [*.....]
Gold:   191        SH:  0    Dex: 15    Spells: 11/16 levels left

rFire    . . .     SeeInvis .   b - +0 hunting sling
rCold    . . .     Gourm    .   (no shield)
rNeg     . . .     Faith    .   g - +0 robe
rPois    .         Spirit   .   (no helmet)
rElec    .         Reflect  .   (no cloak)
rCorr    .         Harm     .   (no gloves)
MR       .....                  (no boots)
Stlth    +.........             (no amulet)
HPRegen  0.11/turn              t - +1 ring of evasion
MPRegen  0.15/turn              (no ring)

@: glowing
A: no striking features
a: Renounce Religion


You were on level 4 of the Dungeon.
You worshipped the Shining One.
The Shining One was aware of your devotion.
You were very hungry.

You visited 1 branch of the dungeon, and saw 4 of its levels.

You collected 191 gold pieces.

Inventory:

Hand Weapons
 a - a +0 spear
 b - a +0 hunting sling (weapon)
Missiles
 d - 62 poisoned needles
 i - 149 stones
 v - 24 sling bullets (quivered)
Armour
 g - a +0 robe (worn)
 q - a +0 buckler
Jewellery
 t - a +1 ring of evasion (left hand)
 w - a +3 ring of evasion
Wands
 k - a wand of iceblast (5)
Scrolls
 e - a scroll of teleportation {unknown}
 j - 3 scrolls of identify {unknown}
 l - a scroll of remove curse {unknown}
 m - a scroll of fear {unknown}
 p - a scroll of enchant weapon {unknown}
 r - a scroll of blinking {unknown}
 s - 2 scrolls of fog {unknown}
 x - a scroll of random uselessness {unknown}
Potions
 f - a potion of curing
 h - 2 potions of heal wounds
 n - a potion of flight
 o - a potion of cancellation
Comestibles
 c - 4 rations


   Skills:
 + Level 0.4 Fighting
 + Level 2.8 Dodging
 + Level 3.0 Stealth
 + Level 5.6 Spellcasting
 + Level 6.6 Conjurations


You had 11 spell levels left.
You knew the following spells:

 Your Spells              Type           Power        Failure   Level  Hunger
a - Magic Dart            Conj           ####         1%          1    None
b - Iskenderun's Mystic   Conj           #####...     6%          4    ####...

Your spell library contained the following spells:

 Spells                   Type           Power        Failure   Level  Hunger
 Searing Ray              Conj           #####.       1%          2    None
 Dazzling Spray           Conj/Hex       ###...       8%          3    ##.....
 Force Lance              Conj/Tloc      ###.....     24%         4    ####...
 Fulminant Prism          Conj/Hex       ###.......   24%         4    ####...


Dungeon Overview and Level Annotations

Branches:
Dungeon (4/15)
 Temple: D:4-7

Altars:
Elyvilon
Sif Muna
The Shining One

Annotations:
D:3 nikopol's ghost, amateur MiBe


Message History

The orb of energy explodes!
Found 16 sling bullets.
Found a scale mail.
You see here 16 sling bullets.
The ogre hits you with a +0 giant club!!
Ouch! That really hurt!
* * * LOW HITPOINT WARNING * * *
You see here a scale mail.
Found a stone staircase leading down.
You are feeling very hungry.
Casting: Iskenderun's Mystic Blast (safe; 6% risk of failure)
Confirm with . or Enter, or press ? or * to list all spells.
Aiming: Iskenderun's Mystic Blast (safe; 6% risk of failure)
Press: ? - help, Shift-Dir - straight line, f - ogre
Aim: an ogre, wielding a +0 giant club (haloed)
The orb of energy hits the ogre!
The ogre is heavily wounded.
The ogre hits you with a +0 giant club!!
Ouch! That really hurt!
You die...

#.........# .#
#....[....##.#
#######...##.#
#...##.#
###.##.#
#..#.# ##.#.#
#.O.# ##.@#
#.># ####


You could see an ogre.

Vanquished Creatures
  2 hounds (D:4)
  A worker ant (D:4)
  9 gnolls
  2 adders (D:3)
  2 oozes
  4 worms
  4 dart slugs
  4 leopard geckos
  4 giant cockroaches
  7 goblins
  7 hobgoblins
  2 jackals (D:1)
  18 kobolds
  2 quokkas
  A ball python (D:1)
  6 bats
  7 frilled lizards
  7 rats
89 creatures vanquished.

Notes
Turn   | Place    | Note
-------+----------+-------------------------------------------
     0 | D:1      | emperorscorpion the Deep Elf Conjurer began the quest for
                  | the Orb.
     0 | D:1      | Reached XP level 1. HP: 10/10 MP: 6/6
   187 | D:1      | Reached XP level 2. HP: 15/15 MP: 5/8
   297 | D:1      | Reached skill level 5 in Conjurations
   576 | D:1      | Reached XP level 3. HP: 19/19 MP: 2/9
  1107 | D:2      | Found a glowing golden altar of the Shining One.
  1114 | D:2      | Became a worshipper of the Shining One
  1484 | D:2      | Reached XP level 4. HP: 24/24 MP: 4/11
  1516 | D:2      | Reached skill level 6 in Conjurations
  1770 | D:2      | Learned a level 4 spell: Iskenderun's Mystic Blast
  1852 | D:2      | Reached XP level 5. HP: 24/28 MP: 10/13
  2587 | D:3      | Reached skill level 5 in Spellcasting
  2701 | D:3      | Found a deep blue altar of Sif Muna.
  2884 | D:3      | Found a runed translucent gate.
  2884 | D:3      | Found a runed translucent gate.
  2886 | D:3      | Noticed nikopol's ghost (amateur MiBe)
  2918 | D:3      | Found a runed translucent gate.
  2922 | D:3      | Identified the +6 whip "Xyut" {chaos, rElec Stlth+}
  3040 | D:3      | Reached * piety under the Shining One
  3839 | D:4      | Reached XP level 6. HP: 27/33 MP: 3/16
  3945 | D:4      | Found a white marble altar of Elyvilon.
  4003 | D:4      | Demolished by an ogre

Levels and vault maps discovered:
D:1:      minmay_arrival_split_and_join, layout_rooms,
          chequers_serial_rivers_micro_d
D:2:      layout_rooms, tso_altar
D:3:      minmay_chambers_of_twos, layout_basic, lemuel_crystal_altar,
          gammafunk_ghost_nasty_kobolds, first_ration, minmay_bisected
D:4:      layout_basic, elyvilon_altar_5, lemuel_crystal_altar

Skill      XL: |  1  2  3  4  5 |
---------------+----------------+-----
Conjurations   | 5 6 |  6.6
Spellcasting   | 4 5 |  5.6
Stealth        | 3 |  3.0
Fighting       | |  0.4
Dodging        | |  2.8

Action                   |  1- 3 |  4- 6 || total
-------------------------+-------+-------++-------
Melee: Hunting sling     |       |     4 ||     4
 Fire: Hunting sling     |       |     8 ||     8
 Cast: Magic Dart        |    81 |    97 ||   178
       Iskenderun's Myst |       |    13 ||    13
  Use: Potion            |       |     6 ||     6
  Eat: Chunk             |     2 |     8 ||    10
Armor: Robe              |       |     6 ||     6
Dodge: Dodged            |     3 |    25 ||    28

Table legend:
 A = Non-vault XP
 B = Vault XP
 C = Vault XP percentage of total XP
 D = Non-vault monster count
 E = Vault monster count
 F = Vault count percentage of total count
                 A         B        C        D         E       F
            +---------+---------+-------+---------+---------+-------
      Total |     369 |      56 |  13.2 |      69 |      20 |  22.5
            +---------+---------+-------+---------+---------+-------
        D:1 |      63 |       0 |   0.0 |      27 |       0 |   0.0
        D:2 |     147 |       0 |   0.0 |      24 |       0 |   0.0
        D:3 |      38 |      56 |  59.6 |      13 |      20 |  60.6
        D:4 |     121 |       0 |   0.0 |       5 |       0 |   0.0
            +---------+---------+-------+---------+---------+-------
